 Dungeon Crawl Stone Soup version 0.20.1-1-g8b1a95d (webtiles) character file.

42 Fisto the Bolt Thrower (level 3, -1/20 HPs)
             Began as a Kobold Arcane Marksman on Nov 9, 2017.
             Slain by an adder (2 damage)
             ... on level 2 of the Dungeon.
             The game lasted 00:06:26 (1142 turns).

Fisto the Bolt Thrower (Kobold Arcane Marksman)     Turns: 1142, Time: 00:06:27

Health: -1/20      AC:  3    Str:  7    XL:     3   Next: 77%
Magic:  4/4        EV: 15    Int: 21    God:
Gold:   113        SH:  0    Dex: 16    Spells: 3/4 levels left

rFire    . . .     SeeInvis .   a - +0 hand crossbow
rCold    . . .     Gourm    .   (shield restricted)
rNeg     . . .     Faith    .   i - +0 leather armour
rPois    .         Spirit   .   (helmet restricted)
rElec    .         Reflect  .   (no cloak)
rCorr    .         Harm     .   (no gloves)
MR       .....                  (no boots)
Stlth    +.........             (no amulet)
Regen    0.1/turn               (no ring)
MPRegen  0.1/turn               (no ring)

@: brilliant, lethally poisoned (-1 -> -5)
A: horns 1, carnivore 3, clever 1, sense surroundings 1
a: no special abilities


You were on level 2 of the Dungeon.
You were not hungry.

You visited 1 branch of the dungeon, and saw 2 of its levels.

You collected 113 gold pieces.

Inventory:

Hand Weapons
 a - a +0 hand crossbow (weapon)
 b - a +0 short sword
Missiles
 d - a bolt (quivered)
Armour
 e - a +0 robe
 i - a +0 leather armour (worn)
Scrolls
 g - a scroll of remove curse {unknown}
 h - a scroll of amnesia {unknown}
 m - 3 scrolls of identify {unknown}
 n - a scroll of noise {unknown}
 o - a scroll of recharging {unknown}
Books
 c - a book of Debilitation

   Spells                             Type                      Level
   a - Corona                         Hexes                        1
   b - Slow                           Hexes                        2
   c - Inner Flame                    Hexes/Fire                   3
   d - Portal Projectile              Hexes/Translocation          3
   e - Cause Fear                     Hexes                        4
   f - Leda's Liquefaction            Hexes/Earth                  4
Comestibles
 f - a meat ration
 l - 2 royal jellies


   Skills:
 + Level 1.4 Fighting
 + Level 3.4 Crossbows
 + Level 2.8 Dodging
 + Level 1.3 Spellcasting
 + Level 3.4 Hexes


You had 3 spell levels left.
You knew the following spells:

 Your Spells              Type           Power        Failure   Level  Hunger
a - Corona                Hex            ####...      1%          1    ##.....


Dungeon Overview and Level Annotations

Branches:
Dungeon (2/15)

Altars:


Innate Abilities, Weirdness & Mutations

You are small and have problems with some larger weapons.
You are carnivorous and can eat meat at any time.
You have a pair of small horns on your head.
Your mind is acute. (Int +2)
You passively map a small area around you.


Message History

[Y]es or [N]o only, please.
Really attack while wielding your +0 hand crossbow? [Y]es or [N]o only, please.
Really attack while wielding your +0 hand crossbow? [Y]es or [N]o only, please.
Really attack while wielding your +0 hand crossbow? [Y]es or [N]o only, please.
Really attack while wielding your +0 hand crossbow?
Okay, then.
Firing (i - inventory):
d - 3 bolts (quivered)
Press: ? - help, Shift-Dir - straight line, f/p - adder
Aim: an adder (almost dead, inner flame)
You shoot a bolt. The bolt barely misses the adder.
* * * LOW HITPOINT WARNING * * *
You feel sick. The adder bites you but does no damage. The adder misses you.
Firing (i - inventory):
d - 2 bolts (quivered)
Press: ? - help, Shift-Dir - straight line, f/p - adder
Aim: an adder (almost dead, inner flame)
You shoot a bolt. The bolt barely misses the adder.
The adder bites you.
You die...

#.#.#.#(#..........#
#...#.#(##########.#
########.#.# #.#
.........#.# #.#
##########.# #.# #.#
#.# #.# #.#
#.##########.#
#(....S@.....#
#.############ ###


You could see an adder (inner flame).

Vanquished Creatures
  2 adders (D:2)
  A leopard gecko (D:1)
  2 giant cockroaches (D:2)
  2 goblins (D:1)
  A hobgoblin (D:2)
  4 jackals (D:2)
  4 kobolds
  4 bats
  A frilled lizard (D:1)
  A rat (D:1)
22 creatures vanquished.

Notes
Turn   | Place    | Note
-------+----------+-------------------------------------------
     0 | D:1      | Fisto the Kobold Arcane Marksman began the quest for the Orb.
     0 | D:1      | Reached XP level 1. HP: 12/12 MP: 2/2
    90 | D:1      | Reached XP level 2. HP: 13/16 MP: 3/3
   339 | D:1      | You fall through a shaft!
   391 | D:2      | Reached XP level 3. HP: 18/20 MP: 2/4
  1128 | D:2      | Gained mutation: You passively map a small area around you. [potion of mutation]
  1128 | D:2      | Gained mutation: Your mind is acute. (Int +2) [potion of mutation]
  1128 | D:2      | Gained mutation: You have a pair of small horns on your head. [potion of mutation]
  1141 | D:2      | HP: 1/20 [poisoned by an adder]
  1142 | D:2      | Slain by an adder

Skill      XL: |  1  2  3 |
---------------+----------+-----
Crossbows      | 3 |  3.4
Fighting       | |  1.4
Dodging        | |  2.8
Spellcasting   | |  1.3
Hexes          | |  3.4

Action                   || total
-------------------------++-------
 Fire: Hand crossbow     ||    69
 Cast: Corona            ||    11
  Use: Potion            ||     2
       Scroll            ||     1
  Eat: Chunk             ||     2
Armor: Robe              ||     2
       Leather armour    ||     9
Dodge: Dodged            ||    49
